[Event "Nordic Chess-ch 2019"]
[Site "Sarpsborg"]
[Date "2019.06.26"]
[Round "8.38"]
[White "Mirza, Raad"]
[Black "Stabbetorp, Hans"]
[Result "*"]
[ECO "B01"]
[WhiteElo "1991"]
[BlackElo "1767"]
[Annotator "NA RC"]
[PlyCount "120"]
[EventDate "2019.06.21"]
[EventType "swiss"]
[EventCountry "NOR"]
[SourceTitle "playchess.com"]
[Source "ChessBase"]
[SourceQuality "1"]
[TimeControl "40/5400+30:1800+30"]

1. e4 d5 2. exd5 Qxd5 3. Nf3 Nf6 4. d4 Bf5 5. c4 Qd8 6. Qb3 b6 7. Be3 g6 8. c5 Be6 9. Qa4+ Bd7 10. Qb3 Be6 11. Bb5+ c6 12. Bc4 Bxc4 13. Qxc4 Qd5 14. Qe2 Bg7 15. Nc3 Qf5 16. O-O O-O 17. Ne5 bxc5 18. Qc4 cxd4 19. Bxd4 Nfd7 20. Nxc6 Nxc6 21. Bxg7 Na5 22. Qd4 Nc6 23. Qa4 Kxg7 24. Qxc6 Rfc8 25. Qb7 Rcb8 26. Qc6 Ne5 27. Qd5 e6 28. Qd2 Rd8 29. Qe2 Rd7 30. Ne4 Nc6 31. f3 Rad8 32. Qc4 Ne7 33. Qc3+ Rd4 34. Rad1 Qd5 35. Rd2 e5 36. Rfd1 f5 37. Rxd4 exd4 38. Qa3 Qe5 39. Nf2 Nc6 40. Nd3 Qd6 41. Qa4 Rd7 42. Rc1 Nd8 43. Kf2 Re7 44. g3 Nf7 45. Rc6 Qd7 46. Nc5 Qd5 47. Nd3 Ne5 48. Nxe5 Qxe5 49. Qc4 Qe3+ 50. Kg2 d3 51. Rd6 Qd2+ 52. Kh3 Qh6+ 53. Qh4 Qe3 54. Rxd3 Qe2 55. Qd4+ Kh6 56. Qf4+ Kg7 57. Rd2 Qf1+ 58. Kh4 h6 59. Qd4+ Kh7 60. Qf6 g5+ *

[Event "Nordic Chess-ch 2019"]
[Site "Sarpsborg"]
[Date "2019.06.26"]
[Round "8.39"]
[White "Thorvlaksson, Baldvin"]
[Black "Larsen, Bjorn"]
[Result "*"]
[ECO "C27"]
[WhiteElo "1523"]
[BlackElo "1680"]
[Annotator "NA RC"]
[PlyCount "83"]
[EventDate "2019.06.21"]
[EventType "swiss"]
[EventCountry "NOR"]
[SourceTitle "playchess.com"]
[Source "ChessBase"]
[SourceQuality "1"]
[TimeControl "40/5400+30:1800+30"]

1. e4 e5 2. Nc3 Bc5 3. Bc4 Nf6 4. d3 h6 5. Nge2 d6 6. O-O c6 7. a3 O-O 8. Ba2 b5 9. Be3 Bb6 10. Ng3 Ng4 11. Qf3 Qf6 12. Nf5 Nxe3 13. fxe3 Bxf5 14. exf5 d5 15. Nxd5 cxd5 16. Bxd5 Nc6 17. Bxc6 Rac8 18. Bxb5 Rxc2 19. Rab1 Rfc8 20. Bc4 e4 21. Qxe4 Rxb2 22. Bxf7+ Kxf7 23. Qe6+ Qxe6 24. fxe6+ Kxe6 25. Rxb2 Bxe3+ 26. Kh1 Bb6 27. Rb3 Kd5 28. h4 Rc7 29. Kh2 Kd4 30. Kg3 Ke5 31. Rf4 Ke6 32. Kf3 Rd7 33. g4 g6 34. g5 hxg5 35. hxg5 Rf7 36. Rxf7 Kxf7 37. Ke4 Ke6 38. d4 Bd8 39. Rb5 Kd6 40. Rd5+ Ke7 41. Rxd8 Kxd8 42. Kd5 *

[Event "Nordic Chess-ch 2019"]
[Site "Sarpsborg"]
[Date "2019.06.26"]
[Round "8.40"]
[White "Andersen, Odd"]
[Black "Sather, Lars"]
[Result "*"]
[ECO "A43"]
[WhiteElo "1751"]
[BlackElo "1730"]
[Annotator "NA RC"]
[PlyCount "119"]
[EventDate "2019.06.21"]
[EventType "swiss"]
[EventCountry "NOR"]
[SourceTitle "playchess.com"]
[Source "ChessBase"]
[SourceQuality "1"]
[TimeControl "40/5400+30:1800+30"]

1. e4 e6 2. d4 c5 3. d5 exd5 4. exd5 d6 5. c4 Nf6 6. Bg5 Be7 7. Nf3 h6 8. Bf4 Qb6 9. Qc2 O-O 10. Bd3 Nh5 11. Be3 f5 12. Nc3 f4 13. Bd2 Bd7 14. O-O-O Qd8 15. Bh7+ Kh8 16. Bg6 Be8 17. Rde1 Na6 18. Re2 Nb4 19. Qb1 Rf6 20. Bxe8 Qxe8 21. Rhe1 Rf7 22. Nh4 Rf6 23. Rxe7 Qc8 24. Qe4 Qg4 25. g3 Rg8 26. Re8 g5 27. Rxg8+ Kxg8 28. Qe8+ Kh7 29. Ng2 Nd3+ 30. Kc2 Nxe1+ 31. Nxe1 fxg3 32. fxg3 Rf2 33. Qe7+ Ng7 34. Qe4+ Qf5 35. h4 gxh4 36. gxh4 Kg6 37. Qxf5+ Nxf5 38. Ne4 Rh2 39. Nd3 Rxh4 40. Bf4 Nd4+ 41. Kd2 Rg4 42. Nef2 Rh4 43. Bxd6 b6 44. Bb8 a6 45. Ba7 b5 46. b3 bxc4 47. bxc4 Nf3+ 48. Kc3 Nd4 49. Bxc5 Ne2+ 50. Kb4 a5+ 51. Kxa5 Kf5 52. Kb4 Nf4 53. Nxf4 Rxf4 54. Nd3 Rf1 55. a4 Rd1 56. Kc3 Ra1 57. Nb2 h5 58. Bd6 Ke4 59. Bc7 h4 60. d6 *

[Event "Nordic Chess-ch 2019"]
[Site "Sarpsborg"]
[Date "2019.06.26"]
[Round "8.41"]
[White "Stubrud, Jan Magne"]
[Black "Lilleng, Gunnar"]
[Result "*"]
[ECO "A40"]
[WhiteElo "1681"]
[BlackElo "1485"]
[Annotator "NA RC"]
[PlyCount "91"]
[EventDate "2019.06.21"]
[EventType "swiss"]
[EventCountry "NOR"]
[SourceTitle "playchess.com"]
[Source "ChessBase"]
[SourceQuality "1"]
[TimeControl "40/5400+30:1800+30"]

1. d4 c6 2. Bf4 d6 3. Nf3 Bg4 4. Nbd2 Nf6 5. c3 Nbd7 6. Qb3 Qb6 7. e4 Qxb3 8. axb3 e6 9. Bd3 d5 10. e5 Ng8 11. O-O Ne7 12. b4 Bf5 13. Be2 h6 14. Nb3 g5 15. Be3 Bg7 16. h3 O-O 17. Ne1 b5 18. Nd3 Nb6 19. Nbc5 Bg6 20. b3 Nf5 21. Bd2 Ne7 22. f4 gxf4 23. Nxf4 Bc2 24. Ra2 Bh7 25. Nh5 Bg6 26. Bc1 Nf5 27. g4 Bxh5 28. gxf5 Bxe2 29. Rxe2 exf5 30. Rxf5 Rae8 31. Ref2 f6 32. e6 Re7 33. Bf4 Nc8 34. Re2 Rfe8 35. Kf2 Kh7 36. Kf3 Rd8 37. Kg4 Nd6 38. Bxd6 Rxd6 39. Rf1 Rd8 40. Kf5 Ra8 41. Nd7 a5 42. Ra1 a4 43. bxa4 bxa4 44. Ra3 Bh8 45. Nxf6+ Kg7 46. Rg2+ *

[Event "Nordic Chess-ch 2019"]
[Site "Sarpsborg"]
[Date "2019.06.26"]
[Round "8.42"]
[White "Eiding, Amanda Mai Irgens"]
[Black "Hoiom, Jonas"]
[Result "*"]
[ECO "B13"]
[WhiteElo "1655"]
[BlackElo "1317"]
[Annotator "NA RC"]
[PlyCount "99"]
[EventDate "2019.06.21"]
[EventType "swiss"]
[EventCountry "NOR"]
[SourceTitle "playchess.com"]
[Source "ChessBase"]
[SourceQuality "1"]
[TimeControl "40/5400+30:1800+30"]

1. e4 c6 2. d4 d5 3. exd5 cxd5 4. c4 Nf6 5. Nc3 Bf5 6. Nf3 e6 7. Bg5 Be7 8. cxd5 Nxd5 9. Bxe7 Qxe7 10. Bb5+ Kf8 11. O-O Nd7 12. Re1 Nxc3 13. bxc3 f6 14. Nh4 Bg6 15. Nxg6+ hxg6 16. Qg4 Qd6 17. Qg3 Qxg3 18. hxg3 Ke7 19. Rab1 b6 20. Rb2 Rh5 21. Ba4 Rah8 22. f3 Rh1+ 23. Kf2 Rxe1 24. Kxe1 Rh1+ 25. Kd2 Rg1 26. Kd3 Kd6 27. c4 e5 28. Bxd7 Kxd7 29. d5 Kd6 30. Rc2 Kc5 31. Ke3 Re1+ 32. Kf2 Ra1 33. Rd2 Kd6 34. Ke3 Rb1 35. Kd3 Rb4 36. Kc3 a5 37. Rb2 Rxb2 38. Kxb2 f5 39. Kc3 g5 40. Kd3 Kc5 41. a4 Kd6 42. Ke3 Kc5 43. f4 e4 44. fxg5 g6 45. g4 Kd6 46. gxf5 gxf5 47. g6 Ke7 48. g7 Kf7 49. d6 Kxg7 50. d7 *

[Event "Nordic Chess-ch 2019"]
[Site "Sarpsborg"]
[Date "2019.06.27"]
[Round "9.1"]
[White "Holm, Kristian Stuvik"]
[Black "Urkedal, Frode Olav Olsen"]
[Result "1/2-1/2"]
[ECO "D37"]
[WhiteElo "2474"]
[BlackElo "2525"]
[Annotator "RC"]
[PlyCount "23"]
[EventDate "2019.06.21"]
[EventType "swiss"]
[EventCountry "NOR"]
[SourceTitle "playchess.com"]
[Source "ChessBase"]
[SourceQuality "1"]
[TimeControl "40/5400+30:1800+30"]

1. Nf3 Nf6 2. c4 e6 3. Nc3 d5 4. d4 Be7 5. Bf4 O-O 6. e3 Nbd7 7. a3 c5 8. cxd5 Nxd5 9. Nxd5 exd5 10. dxc5 Nxc5 11. Be5 Bf6 12. Be2 1/2-1/2

[Event "Nordic Chess-ch 2019"]
[Site "Sarpsborg"]
[Date "2019.06.27"]
[Round "9.2"]
[White "Notkevich, Benjamin Arvola"]
[Black "Hammer, Jon Ludvig"]
[Result "1-0"]
[ECO "D43"]
[WhiteElo "2485"]
[BlackElo "2645"]
[Annotator "RC"]
[PlyCount "63"]
[EventDate "2019.06.21"]
[EventType "swiss"]
[EventCountry "NOR"]
[SourceTitle "playchess.com"]
[Source "ChessBase"]
[SourceQuality "1"]
[TimeControl "40/5400+30:1800+30"]

1. Nf3 d5 2. c4 c6 3. d4 Nf6 4. Nc3 e6 5. Bg5 h6 6. Bh4 dxc4 7. e4 g5 8. Bg3 b5 9. Be2 Bb7 10. O-O Nbd7 11. Ne5 Bg7 12. a4 a6 13. Nxf7 Kxf7 14. e5 Nd5 15. Ne4 Kg8 16. Nd6 Qb6 17. a5 Qc7 18. Bh5 Rh7 19. Bf7+ Kh8 20. Bxe6 Nf8 21. Bxd5 cxd5 22. f4 Ne6 23. Qg4 Bc8 24. f5 Nf4 25. Bxf4 gxf4 26. Rxf4 b4 27. Qg6 Bf8 28. f6 Bd7 29. f7 Rg7 30. Qxh6+ Rh7 31. Qg6 Bg7 32. Ne8 1-0

[Event "Nordic Chess-ch 2019"]
[Site "Sarpsborg"]
[Date "2019.06.27"]
[Round "9.7"]
[White "Hobber, Anders"]
[Black "Lindgren, Philip"]
[Result "1-0"]
[ECO "A07"]
[WhiteElo "2282"]
[BlackElo "2384"]
[Annotator "NA"]
[PlyCount "149"]
[EventDate "2019.06.21"]
[EventType "swiss"]
[EventCountry "NOR"]
[SourceTitle "playchess.com"]
[Source "ChessBase"]
[SourceQuality "1"]
[TimeControl "40/5400+30:1800+30"]

1. Nf3 d5 2. g3 g6 3. Bg2 Bg7 4. O-O e5 5. d3 Ne7 6. e4 O-O 7. exd5 Nxd5 8. Re1 Nc6 9. Nbd2 Re8 {[%emt 0:19:24] A07: Réti Opening: New York and Capablanca Systems} 10. a4 (10. a3 Bf5 11. Ne4 b6 12. Bg5 f6 13. c4 Bxe4 14. Rxe4 Nde7 15. Bc1 Qd7 16. Re1 Rad8 17. Bf1 {0-1 (29) Mamedyarov,S (2801)-Giri,A (2782) chess.com INT 2018}) 10... h6 11. c3 Bf5 12. Ne4 a5 13. Qb3 $146 ({Predecessor:} 13. Nh4 Bc8 14. Qb3 Nde7 15. Be3 g5 16. Bxg5 hxg5 17. Nxg5 {½-½ (26) Arizmendi Martinez,J-Sanchez Guirado,F (2330) Mislata 1993}) 13... Nb6 14. Nc5 Bxd3 15. Nxb7 Qe7 16. Nd2 e4 17. Bxe4 Rab8 18. Re3 Bxe4 19. Nxe4 Ne5 20. Nec5 Nbc4 21. Rxe5 Nxe5 22. Bf4 Nf3+ 23. Kg2 Ne1+ 24. Rxe1 Qxe1 25. Qd5 Qe7 26. Qc6 g5 27. Be3 Be5 28. Qxh6 f6 29. Nxa5 Qh7 30. Qxh7+ Kxh7 31. Nc4 Kg6 32. Nxe5+ Rxe5 33. b4 $1 ({But not} 33. Nd7 Rxb2 34. Nxe5+ fxe5 $17) 33... Rd8 34. Kf3 Rd1 35. a5 Rb1 36. g4 c6 37. Nd7 Rd5 38. Nb8 (38. Nc5 $11 {keeps the balance.}) 38... c5 (38... Rd3 $17 39. Nxc6 Rxc3 40. Ne7+ Kf7) 39. Nc6 (39. a6 $14) 39... Kf7 $2 (39... Rd6 $15 {stays ahead.} 40. Ne7+ Kf7) 40. Bxc5 Rd3+ (40... f5 $16) 41. Ke4 Rxc3 42. Kd5 Rd1+ {[%emt 0:00:00] [#]} (42... Ra3 $16) 43. Nd4 $2 (43. Bd4 $1 $18) 43... Ke8 $14 44. a6 Kd7 45. a7 Ra1 46. Nb5 Rc2 47. Bb6 Rc6 48. Bc5 Re6 49. Bd4 Ra2 50. Kc4 Kc6 51. Nc3 Ra3 52. b5+ Kb7 53. Kd5 Re8 54. Ne4 Rd8+ 55. Nd6+ Rxd6+ 56. Kxd6 Rd3 57. Kd5 Rh3 58. Ke6 Rf3 59. b6 Rf4 60. Be3 Rxg4 61. Kxf6 Rg2 62. h3 Rh2 63. Kxg5 Rxh3 64. Kg4 Rh1 65. f4 Re1 66. Kf3 Ra1 67. Ke4 Ra4+ 68. Bd4 Ra2 69. f5 Re2+ 70. Be3 Re1 71. f6 Rf1 72. Bd4 Re1+ 73. Kd5 Re8 74. f7 Rd8+ 75. Ke5 1-0

[Event "Nordic Chess-ch 2019"]
[Site "Sarpsborg"]
[Date "2019.06.27"]
[Round "9.12"]
[White "Sahl, Sheila Barth"]
[Black "Vestby-Ellingsen, Mads"]
[Result "1-0"]
[ECO "D02"]
[WhiteElo "2127"]
[BlackElo "2345"]
[Annotator "NA"]
[PlyCount "139"]
[EventDate "2019.06.21"]
[EventType "swiss"]
[EventCountry "NOR"]
[SourceTitle "playchess.com"]
[Source "ChessBase"]
[SourceQuality "1"]
[TimeControl "40/5400+30:1800+30"]

1. d4 Nf6 2. Bf4 d5 3. Nf3 c5 4. e3 Nc6 5. Nbd2 (5. Be2 cxd4 6. exd4 Bg4 7. c3 e6 8. Nbd2 Bd6 9. Ne5 Bxe2 10. Qxe2 O-O 11. O-O Qc7 12. Rfe1 Nd7 13. Nxd7 Qxd7 14. Bxd6 Qxd6 15. Nb3 Rab8 {½-½ (36) Carlsen,M (2861)-Ding,L (2805) Abidjan 2019}) 5... cxd4 6. exd4 {[%emt 0:00:08] D02: 1 d4 d5 2 Nf3 sidelines, including 2...Nf6 3 g3 and 2...Nf6 3 Bf4} Qb6 7. Nb3 Bg4 8. Be2 $146 ({Predecessor:} 8. c3 e6 9. Be2 Be7 10. h3 Bh5 11. O-O O-O 12. a4 {½-½ (71) Sarana,A (2562)-Izoria,Z (2599) chess.com INT 2018}) 8... e6 9. O-O Be7 10. a4 a6 11. h3 Bh5 12. c3 O-O 13. Re1 Rac8 14. Ne5 Bxe2 15. Rxe2 Qd8 16. Nc1 Nxe5 17. Bxe5 Nd7 18. Bf4 Nb6 19. Nd3 Nc4 20. b3 Nd6 21. Rc2 Ne4 22. f3 Nf6 23. a5 Nh5 24. Be5 Bd6 25. b4 f6 26. Bxd6 Qxd6 27. Qe1 Rfe8 28. Re2 Ng3 29. Re3 Nf5 30. Re2 Ng3 31. Re3 Nf5 32. Re2 Rc7 33. Rd1 Rce7 34. f4 Nh6 35. Qg3 b6 36. axb6 Qxb6 {[%emt 0:00:07] [#]} 37. Ra1 $1 Nf5 {[%emt 0:01:04] [#]} 38. Qf2 $1 Ra8 (38... Qb5 $16 39. Nc5 Qc4) 39. Rea2 Rea7 40. Nc5 Kh8 41. Qe2 Qc7 $2 (41... h6 42. Qe1 (42. Qxe6 Qxe6 43. Nxe6 Nd6 $16) (42. Rxa6 Rxa6 43. Rxa6 Rxa6 $16) (42. Nxe6 Re8 $15) 42... a5) 42. Rxa6 Rxa6 43. Rxa6 Rxa6 $18 44. Qxa6 h6 45. Qxe6 Qxf4 46. Nd3 Qg5 47. b5 Ne3 48. g4 f5 49. Qe8+ Kh7 50. Qe5 Kh8 51. Nf4 Nc4 52. Qxf5 Qd8 53. Ng6+ Kh7 54. Ne5+ Kg8 55. Nxc4 dxc4 56. Qe6+ Kh8 57. Qxc4 Qa8 58. Qd3 Qa1+ 59. Kg2 Qb2+ 60. Kg3 Qc1 61. Kf3 Qh1+ 62. Ke2 Qg2+ 63. Kd1 Qg1+ 64. Kc2 Qf2+ 65. Kb3 Qf7+ 66. c4 h5 67. gxh5 g6 68. hxg6 Qd7 69. Qf3 Qd6 70. Qh5+ 1-0

[Event "Nordic Chess-ch 2019"]
[Site "Sarpsborg"]
[Date "2019.06.27"]
[Round "9.13"]
[White "Cederstam Barsk, Carl"]
[Black "Nilsen, Tobias Lang"]
[Result "1-0"]
[ECO "A34"]
[WhiteElo "2334"]
[BlackElo "1986"]
[Annotator "RC"]
[PlyCount "65"]
[EventDate "2019.06.21"]
[EventType "swiss"]
[EventCountry "NOR"]
[SourceTitle "playchess.com"]
[Source "ChessBase"]
[SourceQuality "1"]
[TimeControl "40/5400+30:1800+30"]

1. Nf3 Nf6 2. c4 c5 3. Nc3 d5 4. cxd5 Nxd5 5. g3 Nc6 6. Bg2 Nc7 7. a3 e5 8. b4 f6 9. Rb1 Be7 10. O-O O-O 11. bxc5 Bxc5 12. Qc2 Ne6 13. Na4 Be7 14. e3 f5 15. d4 exd4 16. Rd1 Kh8 17. exd4 Nexd4 18. Nxd4 Nxd4 19. Qb2 Bf6 20. Be3 Bd7 21. Rxd4 Bxd4 22. Qxd4 Bc6 23. Bxc6 bxc6 24. Rb7 Qf6 25. Nc5 Rad8 26. Qxf6 Rxf6 27. Rxa7 h6 28. h4 Rd5 29. Nd7 Rf7 30. Ra8+ Kh7 31. Nf8+ Kg8 32. Ng6+ Kh7 33. h5 1-0

[Event "Nordic Chess-ch 2019"]
[Site "Sarpsborg"]
[Date "2019.06.27"]
[Round "9.14"]
[White "Sjoberg, Isak"]
[Black "Fernandez, Juan Pablo"]
[Result "1-0"]
[ECO "B27"]
[WhiteElo "2222"]
[BlackElo "2066"]
[Annotator "RC"]
[PlyCount "77"]
[EventDate "2019.06.21"]
[EventType "swiss"]
[EventCountry "NOR"]
[SourceTitle "playchess.com"]
[Source "ChessBase"]
[SourceQuality "1"]
[TimeControl "40/5400+30:1800+30"]

1. e4 c5 2. Nf3 g6 3. c3 Bg7 4. d4 cxd4 5. cxd4 d5 6. e5 Nc6 7. Bb5 Bg4 8. Bxc6+ bxc6 9. Nbd2 f6 10. h3 Bxf3 11. Nxf3 fxe5 12. dxe5 e6 13. O-O Nh6 14. Qa4 Qd7 15. Qa3 Qe7 16. Qa6 O-O 17. Qxc6 Rac8 18. Qa6 Nf7 19. Bf4 Rc4 20. Bg3 Rfc8 21. b3 R4c6 22. Qa4 h5 23. Rfe1 Rc3 24. Nd4 Ng5 25. Nb5 Rxg3 26. fxg3 Ne4 27. Nd6 Nxd6 28. exd6 Qxd6 29. Rac1 Rxc1 30. Rxc1 Qxg3 31. Qxa7 d4 32. Qa8+ Kh7 33. Qf3 Qg5 34. Rd1 Be5 35. a4 Bf4 36. Rf1 e5 37. g3 d3 38. Kh2 e4 39. gxf4 1-0

[Event "Nordic Chess-ch 2019"]
[Site "Sarpsborg"]
[Date "2019.06.27"]
[Round "9.16"]
[White "Ptacnikova, Lenka"]
[Black "Kreken, Eivind Grunt"]
[Result "0-1"]
[ECO "A34"]
[WhiteElo "2145"]
[BlackElo "1784"]
[Annotator "NA"]
[PlyCount "98"]
[EventDate "2019.06.21"]
[EventType "swiss"]
[EventCountry "NOR"]
[SourceTitle "playchess.com"]
[Source "ChessBase"]
[SourceQuality "1"]
[TimeControl "40/5400+30:1800+30"]

1. c4 c5 2. g3 Nf6 3. Bg2 d5 4. cxd5 Nxd5 5. Nc3 Nc7 6. Nf3 Nc6 7. O-O e5 8. b3 Be7 9. Bb2 Be6 {[%emt 0:04:00] A34: Symmetrical English: 2 Nc3, lines with ...d5} (9... O-O 10. Ne1 Qd7 11. Nd3 b6 12. Bxc6 Qxc6 13. Nxe5 Qe6 14. Nd3 Bb7 15. Nf4 Qd7 16. d3 Rad8 17. f3 {½-½ (30) Maghsoodloo,P (2679)-Esipenko,A (2584) Wijk aan Zee 2019}) 10. Rc1 f6 11. Ne1 Qd7 12. Nd3 O-O $146 ({Predecessor:} 12... Rd8 13. Na4 b6 14. f4 Nd4 15. fxe5 Bg4 16. Bxd4 Qxd4+ {1-0 (44) Kosten,A (2524)-Stromer,A (2263) Etang Sale 2000}) 13. f4 Nb4 14. Nxb4 cxb4 15. Na4 exf4 16. gxf4 Nb5 17. Nc5 Bxc5+ 18. Rxc5 Rfd8 19. f5 Bf7 20. d3 Nc3 21. Bxc3 bxc3 22. Qe1 Qd4+ 23. Qf2 Qxf2+ 24. Kxf2 Rac8 25. Rxc8 Rxc8 26. Bxb7 Rc5 27. Rc1 Rxf5+ 28. Bf3 Rc5 29. Ke3 Kf8 30. Kd4 Rc7 31. Rxc3 Rxc3 32. Kxc3 Ke7 33. Kb4 Kd6 34. Kb5 Kc7 35. Ka6 Kb8 36. d4 Be6 37. d5 Bd7 38. d6 g5 39. b4 g4 40. Bg2 h5 41. b5 h4 $18 42. b6 axb6 43. Kxb6 f5 44. e3 Ba4 45. Bd5 g3 46. hxg3 hxg3 47. Bb7 Bd7 48. Bg2 Ba4 49. Kc5 Bc2 0-1

[Event "Nordic Chess-ch 2019"]
[Site "Sarpsborg"]
[Date "2019.06.27"]
[Round "9.18"]
[White "Rishovd, Svein"]
[Black "Stellas, Dimitrios"]
[Result "1/2-1/2"]
[ECO "E18"]
[WhiteElo "2113"]
[BlackElo "1976"]
[Annotator "NA"]
[PlyCount "144"]
[EventDate "2019.06.21"]
[EventType "swiss"]
[EventCountry "NOR"]
[SourceTitle "playchess.com"]
[Source "ChessBase"]
[SourceQuality "1"]
[TimeControl "40/5400+30:1800+30"]

1. c4 e6 2. g3 d5 3. Bg2 Nf6 4. Nf3 Be7 5. O-O O-O 6. d4 b6 7. cxd5 exd5 8. Nc3 Bb7 9. Bf4 Na6 10. Qa4 {[%emt 0:08:50] E18: Queen's Indian: Old Main Line (4 g3 Bb7 5 Bg2 Be7 6 0-0 0-0 7 Nc3)} (10. Rc1 c5 11. Ne5 Rb8 12. e3 h6 13. Ng4 Ra8 14. dxc5 Nxc5 15. Nxf6+ Bxf6 16. Nxd5 Bxb2 17. Rc2 Ba3 18. Bc7 Qe8 19. Bd6 Rd8 20. Bxf8 Kxf8 21. Rd2 Ne4 22. Rd4 Nd6 23. Qd3 Bc5 24. Qh7 f6 25. Rg4 {1-0 (25) Rodshtein,M (2699)-Colin,V (2383) Brest 2019}) 10... c5 11. Rfd1 Nc7 $146 ({Predecessor:} 11... Qe8 12. Qb3 c4 13. Qc2 Nb4 14. Qb1 Rd8 15. Ne5 Nc6 16. b3 Bd6 17. Nxc6 Qxc6 {1-0 (24) De Marchi,O (2256)-Duffau,P (2040) Creon 2006}) 12. dxc5 bxc5 13. Ne5 Ne6 14. Nc6 Bxc6 15. Qxc6 Nxf4 16. gxf4 Rc8 17. Qa6 Qd6 18. Qxd6 Bxd6 19. Nxd5 Nxd5 20. Rxd5 Bxf4 21. e3 Bc7 22. Bh3 Rfd8 23. Rad1 Rb8 24. b3 Bb6 25. Bd7 Kf8 26. Kf1 Rb7 27. Ke2 g6 28. h3 Ke7 29. Bc6 Rxd5 30. Rxd5 Rc7 31. Bb5 Ke6 32. Bc4 Ke7 33. e4 f6 34. Bb5 g5 35. Kf3 Kf7 36. Kg4 Kg6 37. Be8+ Kg7 38. Bb5 Kg6 39. f4 gxf4 40. Kxf4 Re7 41. Kf3 Re5 42. Rd1 Kg5 43. Bd7 Kh6 $14 44. Bf5 Re7 45. Rd6 Kg7 46. Kg4 Ba5 47. Be6 Kg6 48. Rc6 h5+ 49. Kf3 Bb4 50. Bf5+ Kg5 51. Rc8 Rg7 52. Rh8 Kh4 53. Bg4 Rg5 54. Rh7 a5 55. Ke3 Kg3 56. Bxh5 Kxh3 57. Bf3+ Kg3 58. Rh1 Bd2+ 59. Kxd2 Kxf3 60. Kd3 Kf4 61. Rf1+ Ke5 62. a4 Rg3+ 63. Kc4 Re3 64. Rf5+ Ke6 65. Rxc5 Rxe4+ 66. Kd3 Re5 67. Rc8 Rh5 68. Ra8 Rd5+ 69. Kc4 Re5 70. Kd4 Rd5+ 71. Kc4 Re5 72. Kd4 Rd5+ 1/2-1/2

[Event "Nordic Chess-ch 2019"]
[Site "Sarpsborg"]
[Date "2019.06.27"]
[Round "9.19"]
[White "Gonzalez, Francisco Silva"]
[Black "Schouten, Mathias Lind"]
[Result "1-0"]
[ECO "A00"]
[WhiteElo "2095"]
[BlackElo "1967"]
[Annotator "NA RC"]
[PlyCount "63"]
[EventDate "2019.06.21"]
[EventType "swiss"]
[EventCountry "NOR"]
[SourceTitle "playchess.com"]
[Source "ChessBase"]
[SourceQuality "1"]
[TimeControl "40/5400+30:1800+30"]

1. a3 c5 2. Nf3 Nc6 3. b3 e5 4. e4 Nf6 5. Nc3 d6 6. Bb5 Be7 7. O-O O-O 8. Bxc6 bxc6 9. h3 Qc7 10. d3 h6 11. Re1 Re8 12. Ne2 a5 13. a4 Bf8 14. Ng3 d5 15. Nh4 c4 16. bxc4 dxc4 17. Qf3 cxd3 18. Qxd3 Rb8 19. Qf3 Re6 20. Nhf5 Kh7 21. Rd1 c5 22. Bd2 Rb2 23. Bc3 Rb8 24. Ne3 Bb7 25. Nc4 Ra8 26. Kh2 Re7 27. Qf5+ Kh8 28. Bxe5 Rxe5 29. Qxe5 Qxe5 30. Nxe5 Nxe4 31. Rd7 Bc8 32. Nxe4 1-0

[Event "Nordic Chess-ch 2019"]
[Site "Sarpsborg"]
[Date "2019.06.27"]
[Round "9.22"]
[White "Kro, Andreas Fuskeland"]
[Black "Tunsjo, Axel"]
[Result "0-1"]
[ECO "E10"]
[WhiteElo "1565"]
[BlackElo "2002"]
[Annotator "NA RC"]
[PlyCount "58"]
[EventDate "2019.06.21"]
[EventType "swiss"]
[EventCountry "NOR"]
[SourceTitle "playchess.com"]
[Source "ChessBase"]
[SourceQuality "1"]
[TimeControl "40/5400+30:1800+30"]

1. d4 Nf6 2. c4 e6 3. Nf3 c5 4. d5 b5 5. b3 Bb7 6. Bg5 bxc4 7. bxc4 exd5 8. cxd5 Bxd5 9. Qxd5 Nxd5 10. Bxd8 Kxd8 11. g3 Be7 12. Bg2 Nc6 13. O-O Bf6 14. Nbd2 Bxa1 15. Rxa1 Nc3 16. e3 Ke7 17. Nc4 d5 18. Nce5 Rac8 19. Nd3 c4 20. Nde5 Nxe5 21. Nxe5 Rhd8 22. h4 d4 23. exd4 Ne2+ 24. Kh2 Nxd4 25. Rc1 c3 26. Ng4 Kf8 27. Ne3 Ne2 28. Rc2 Rd2 29. Bf3 Nd4 0-1

[Event "Nordic Chess-ch 2019"]
[Site "Sarpsborg"]
[Date "2019.06.27"]
[Round "9.23"]
[White "Kristiansen, Rune Harald"]
[Black "Skaar, Ben Samuel Groth"]
[Result "1-0"]
[ECO "D05"]
[WhiteElo "1849"]
[BlackElo "1362"]
[Annotator "NA RC"]
[PlyCount "57"]
[EventDate "2019.06.21"]
[EventType "swiss"]
[EventCountry "NOR"]
[SourceTitle "playchess.com"]
[Source "ChessBase"]
[SourceQuality "1"]
[TimeControl "40/5400+30:1800+30"]

1. d4 d5 2. Nf3 Nf6 3. e3 e6 4. Bd3 Be7 5. Nbd2 Nbd7 6. b3 c5 7. Bb2 b6 8. Ne5 Nxe5 9. dxe5 Nd7 10. Qg4 g6 11. h4 h5 12. Qg3 Rg8 13. e4 Bb7 14. exd5 Bxd5 15. Be2 Rh8 16. c4 Bb7 17. Bf3 Bxf3 18. Qxf3 Rb8 19. g3 Qc7 20. Qe3 Rd8 21. O-O-O Kf8 22. f4 Nb8 23. Ne4 Kg7 24. Nd6 Rhf8 25. Qe2 f5 26. exf6+ Bxf6 27. Bxf6+ Rxf6 28. Qe5 Nc6 29. Ne8+ 1-0

[Event "Nordic Chess-ch 2019"]
[Site "Sarpsborg"]
[Date "2019.06.27"]
[Round "9.24"]
[White "Johansen, Kolbjorn-Albin"]
[Black "Johansen, Torbjorn Reidar"]
[Result "1/2-1/2"]
[ECO "A48"]
[WhiteElo "1690"]
[BlackElo "1754"]
[Annotator "NA"]
[PlyCount "89"]
[EventDate "2019.06.21"]
[EventType "swiss"]
[EventCountry "NOR"]
[SourceTitle "playchess.com"]
[Source "ChessBase"]
[SourceQuality "1"]
[TimeControl "40/5400+30:1800+30"]

1. d4 Nf6 2. Bf4 d6 3. e3 g6 4. Nf3 Bg7 5. Be2 O-O 6. h3 Nbd7 7. O-O c5 8. c3 b6 9. Nbd2 Bb7 10. a4 Nd5 11. Bh2 e5 12. Nc4 Qc7 13. Qb3 Bc6 14. Rfd1 Rad8 15. Na3 Ne7 16. d5 Ba8 17. e4 Kh8 18. c4 f5 19. Ng5 Rf6 20. Nb5 Qb8 21. f3 Nf8 22. h4 h6 23. Nh3 Nh7 24. Nc3 f4 25. a5 g5 26. h5 Rg8 27. axb6 axb6 28. Nf2 Qe8 29. Ng4 Rff8 30. Qxb6 Qb8 31. Qxb8 Rxb8 32. Nb5 Rgd8 33. Ra6 Nc8 34. Rda1 Bb7 35. R6a2 Bf8 36. Kf2 Nb6 37. Ke1 Nd7 38. Kd2 Ndf6 39. Kc3 Nxh5 40. Nc7 Bc8 41. Nf2 N5f6 42. Ra8 Bd7 43. Rxb8 Rxb8 44. Ra8 Rxa8 45. Nxa8 1/2-1/2

[Event "Nordic Chess-ch 2019"]
[Site "Sarpsborg"]
[Date "2019.06.27"]
[Round "9.25"]
[White "Berisha, Xhafer"]
[Black "Tenold, Andreas"]
[Result "0-1"]
[ECO "A20"]
[WhiteElo "1340"]
[BlackElo "1959"]
[Annotator "NA RC"]
[PlyCount "98"]
[EventDate "2019.06.21"]
[EventType "swiss"]
[EventCountry "NOR"]
[SourceTitle "playchess.com"]
[Source "ChessBase"]
[SourceQuality "1"]
[TimeControl "40/5400+30:1800+30"]

1. e3 e5 2. c4 Nf6 3. f4 exf4 4. exf4 d5 5. Nf3 Bg4 6. Be2 Bd6 7. d4 dxc4 8. O-O O-O 9. Ne5 Bxe2 10. Qxe2 c5 11. Nxc4 cxd4 12. Qf3 Nc6 13. f5 Bc5 14. Bg5 Rc8 15. Nbd2 b5 16. Na3 a6 17. Rac1 Ne5 18. Qg3 Ned7 19. Rfe1 Qb6 20. Kh1 Bd6 21. Qf2 Ng4 22. Qh4 Rxc1 23. Rxc1 Nde5 24. Ne4 f6 25. Bf4 g5 26. fxg6 Nxg6 27. Qxg4 Bxf4 28. Rf1 f5 29. Qe2 fxe4 30. Qxe4 Qd6 31. Nc2 d3 32. Nd4 Be5 33. Nf5 d2 34. Rd1 Qd7 35. g4 Bxb2 36. Qc2 Qd5+ 37. Kg1 Bd4+ 38. Nxd4 Qxd4+ 39. Kh1 Qd5+ 40. Kg1 Nf4 41. Kf2 Qg2+ 42. Ke3 Qe2+ 43. Kd4 Rd8+ 44. Kc3 Rc8+ 45. Kb2 Rxc2+ 46. Kxc2 Qd3+ 47. Kb2 Ne2 48. g5 Qc3+ 49. Kb1 Qc1+ 0-1